 Dungeon Crawl Stone Soup version 0.21.1-1-g345015fe64 (webtiles) character file.

449 RepoMan the Insei (level 6, 0/51 HPs)
             Began as a Draconian Transmuter on July 6, 2018.
             Succumbed to a killer bee's poison
             ... on level 4 of the Dungeon.
             The game lasted 00:18:17 (2924 turns).

RepoMan the Insei (Draconian Transmuter)            Turns: 2924, Time: 00:18:18

Health: 0/51       AC:  7    Str: 17 (18) XL:     6   Next: 74%
Magic:  10/10      EV: 12    Int: 12 (13) God:
Gold:   82         SH:  0    Dex: 10 (13) Spells: 5/11 levels left

rFire    . . .     SeeInvis .     - Unarmed
rCold    . . .     Gourm    .   (no shield)
rNeg     . . .     Faith    .   (armour unavailable)
rPois    .         Spirit   .   (helmet restricted)
rElec    .         Reflect  .   (no cloak)
rCorr    .         Harm     .   f - +0 pair of gloves
MR       .....                  (no boots)
Stlth    +.........             (no amulet)
HPRegen  0.17/turn              (no ring)
MPRegen  0.12/turn              (no ring)

@: mighty, lethally poisoned (0 -> -1), berserk cooldown
A: unfitting armour, cold-blooded, AC +6
a: no special abilities


You were on level 4 of the Dungeon.
You were not hungry.

You visited 1 branch of the dungeon, and saw 4 of its levels.

You collected 82 gold pieces.

Inventory:

Missiles
 r - 2 throwing nets (quivered)
 t - 15 arrows
Armour
 f - a +0 pair of gloves (worn)
Jewellery
 h - a cursed -3 ring of intelligence {unknown}
Wands
 a - a wand of digging (16)
Scrolls
 d - a scroll of amnesia {unknown}
 e - a scroll of identify {unknown}
 j - 3 scrolls of fog {unknown}
 k - a scroll of remove curse {unknown}
 n - a scroll of teleportation {unknown}
 q - a scroll of magic mapping {unknown}
 w - a scroll of enchant armour {unknown}
Potions
 m - a potion of cancellation
Books
 b - a book of Changes

   Spells                             Type                      Level
   a - Beastly Appendage              Transmutation                1
   b - Sticks to Snakes               Transmutation                2
   c - Spider Form                    Transmutation/Poison         3
   d - Ice Form                       Ice/Transmutation            4
   e - Blade Hands                    Transmutation                5
Comestibles
 c - 3 rations


   Skills:
 + Level 3.2 Fighting
 - Level 1.7 Dodging
 * Level 5.2 Unarmed Combat
 + Level 3.3 Spellcasting
 * Level 4.1 Transmutations


You had 5 spell levels left.
You knew the following spells:

 Your Spells              Type           Power        Failure   Level  Hunger
a - Beastly Appendage     Tmut           ##....       4%          1    #......
c - Spider Form           Tmut/Pois      #.........   30%         3    ###....
s - Sticks to Snakes      Tmut           ##......     7%          2    ###....


Dungeon Overview and Level Annotations

Branches:
Dungeon (4/15)
 Temple: D:4-7

Altars:
Cheibriados
Fedhas
Gozag
Nemelex Xobeh
Okawaru


Innate Abilities, Weirdness & Mutations

Your plain brown scales are hard. (AC +6)
You cannot fit into any form of body armour.
You are cold-blooded and may be slowed by cold attacks.


Message History

* * * LOW HITPOINT WARNING * * *
You feel sick.
* * * LOW HITPOINT WARNING * * *
You feel sick.
You feel yourself slow down.
Found a short glass wand.
* * * LOW HITPOINT WARNING * * *
You feel sick.
* * * LOW HITPOINT WARNING * * *
You feel sick.
You feel yourself speed up.
You are starting to lose your buoyancy.
* * * LOW HITPOINT WARNING * * *
You feel sick.
You see here a wand of digging (16).
a - a wand of digging (16)
* * * LOW HITPOINT WARNING * * *
You feel sick.
You float gracefully downwards.
You die...

### ### #.# #.#
#.####.####.#########
#...@................ #########
#.###################
#.......### ......†....# #
#.#####...# ##########.# # #.#
#...# #.# # #.#####...# ##.# #
#.#...#...# ########..#######
#.#.......######................
#.#......................#....##


There were no monsters in sight!

Vanquished Creatures
  2 killer bees (D:4)
  2 hounds
  A centaur skeleton (D:4)
  An iguana (D:4)
  4 adders
  An adder skeleton (D:4)
  2 worms (D:3)
  2 leopard geckos
  9 orcs (D:3)
  A ball python (D:3)
  5 giant cockroaches
  11 goblins
  6 hobgoblins
  4 jackals (D:4)
  11 kobolds
  4 quokkas
  7 bats
  6 frilled lizards
  10 rats
89 creatures vanquished.

Vanquished Creatures (collateral kills)
  A phantom (D:3)
  A killer bee (D:4)
  A worker ant (D:4)
  2 adders
  2 worms (D:2)
  2 goblins
  A ball python (D:3)
10 creatures vanquished.

Grand Total: 99 creatures vanquished

Notes
Turn   | Place    | Note
-------+----------+-------------------------------------------
     0 | D:1      | RepoMan the Draconian Transmuter began the quest for the Orb.
     0 | D:1      | Reached XP level 1. HP: 16/16 MP: 3/3
   154 | D:1      | Reached XP level 2. HP: 23/23 MP: 3/5
   167 | D:1      | Learned a level 2 spell: Sticks to Snakes
   552 | D:2      | Reached XP level 3. HP: 29/29 MP: 2/6
   600 | D:2      | Found a snail-covered altar of Cheibriados.
   600 | D:2      | Found an iron altar of Okawaru.
   614 | D:2      | Found an opulent altar of Gozag.
   629 | D:2      | Found a sparkling altar of Nemelex Xobeh.
   630 | D:2      | Found a blossoming altar of Fedhas.
  1136 | D:2      | Reached XP level 4. HP: 36/36 MP: 1/7
  1145 | D:2      | Learned a level 3 spell: Spider Form
  1349 | D:3      | Reached skill level 4 in Unarmed Combat
  1610 | D:3      | Found a faded altar of an unknown god.
  1630 | D:3      | Reached XP level 5. HP: 37/42 MP: 4/9
  1899 | D:3      | Noticed a phantom
  1953 | D:3      | Killed a phantom
  2427 | D:4      | Reached XP level 6. HP: 50/50 MP: 8/10
  2827 | D:4      | Reached skill level 5 in Unarmed Combat
  2863 | D:4      | HP: 2/51 [poisoned by a killer bee]
  2869 | D:4      | HP: 1/51 [killer bee (6)]
  2909 | D:4      | HP: 2/51 [poisoned by a killer bee]
  2916 | D:4      | HP: 1/51 [poisoned by a killer bee]
  2924 | D:4      | Succumbed to a killer bee's poison

Skill      XL: |  1  2  3  4  5  6 |
---------------+-------------------+-----
Fighting       | 2 3 |  3.2
Unarmed Combat | 4 5 |  5.2
Transmutations | 3 4 |  4.1
Spellcasting   | 3 |  3.3
Dodging        | |  1.7

Action                   |  1- 3 |  4- 6 || total
-------------------------+-------+-------++-------
Melee: Unarmed           |   100 |   195 ||   295
       Kick              |     9 |    24 ||    33
       Tailslap          |    14 |    20 ||    34
       Headbutt          |     8 |     7 ||    15
       Punch             |     2 |     2 ||     4
 Cast: Beastly Appendage |    17 |    28 ||    45
       Sticks to Snakes  |     7 |    12 ||    19
       Spider Form       |       |     1 ||     1
  Use: Potion            |       |     9 ||     9
 Stab: Sleeping          |     1 |     1 ||     2
  Eat: Chunk             |     2 |     7 ||     9
Armor: Skin              |    30 |    45 ||    75
Dodge: Dodged            |    58 |   118 ||   176
